BLB
SEATTLE PILOTS @ NEW ORLEANS VOODOO
04/14/2060
 
TOP OF THE 1ST
Windy City Blues batting - Pitching for Montreal Exports : RHP Douglas Okeyo
Pitching: RHP Douglas Okeyo
Batting: RHB Deontae Howard 0-0: Swinging Strike
0-1: Called Strike
0-2: Strikes out looking
Batting: SHB J.J. Evans 0-0: SINGLE (Groundball, 3D, EV 99.4 MPH)
Batting: LHB Tommy Tuten 0-0: Foul Ball, location: 2F
0-1: Grounds into double play, 1-4-3 (Groundball, 15S, EV 67.5 MPH)
Top of the 1st over - 0 runs, 1 hit, 0 errors, 0 left on base; Windy City 0 - Montreal 0
BOTTOM OF THE 1ST
Montreal Exports batting - Pitching for Windy City Blues : RHP Ennis Giugharo
Pitching: RHP Ennis Giugharo
Batting: RHB Landon Zitter 0-0: Ball
1-0: Swinging Strike
1-1: SINGLE (Line Drive, 9S, EV 103.1 MPH)
Batting: LHB Josh Plautz 0-0: Ball
1-0: Ball
2-0: Swinging Strike
2-1: Foul Ball, location: 2F
2-2: Foul Ball, location: 2F
2-2: Strikes out swinging
Batting: RHB Henry Miller 0-0: Grounds into double play, 5-4-3 (Groundball, 56, EV 108.1 MPH)
Bottom of the 1st over - 0 runs, 1 hit, 0 errors, 0 left on base; Windy City 0 - Montreal 0
TOP OF THE 2ND
Windy City Blues batting - Pitching for Montreal Exports : RHP Douglas Okeyo
Batting: LHB Idris Wnuk 0-0: Fly out, F7 (Flyball, 7D, EV 96.2 MPH)
Batting: LHB Jedediah Hernandez 0-0: Ball
1-0: Ground out 6-3 (Groundball, 6, EV 90.6 MPH)
Batting: RHB Corbin Herron 0-0: Ball
1-0: Ball
2-0: Ball
3-0: Fly out, F9 (Flyball, 89S, EV 90.6 MPH)
Top of the 2nd over - 0 runs, 0 hits, 0 errors, 0 left on base; Windy City 0 - Montreal 0
BOTTOM OF THE 2ND
Montreal Exports batting - Pitching for Windy City Blues : RHP Ennis Giugharo
Batting: RHB Kyle Levin 0-0: SINGLE (Line Drive, 9S, EV 96.9 MPH)
Batting: LHB Jayden Marotta 0-0: Ball
1-0: Swinging Strike
1-1: Ball
2-1: Swinging Strike
2-2: Ball
3-2: Base on Balls
Kyle Levin to second
Batting: RHB Zechariah Norkus 0-0: Foul Ball, location: 2F
0-1: Called Strike
0-2: Ball
1-2: Ball
2-2: Strikes out swinging
Batting: RHB Max Johnson 0-0: Ball
1-0: Called Strike
1-1: Foul Ball, location: 2F
1-2: Strikes out swinging
Batting: RHB Al Bush 0-0: Ball
1-0: Swinging Strike
1-1: Fielders Choice at 2nd, 6-4 (Groundball, 6, EV 79.4 MPH)
Bottom of the 2nd over - 0 runs, 1 hit, 0 errors, 2 left on base; Windy City 0 - Montreal 0
TOP OF THE 3RD
Windy City Blues batting - Pitching for Montreal Exports : RHP Douglas Okeyo
Batting: RHB J.R. Ketterman 0-0: Called Strike
0-1: Foul Ball, location: 2F
0-2: Ball
1-2: Ball
2-2: Ball
3-2: Foul Ball, location: 2F
3-2: Fly out, F9 (Line Drive, 9, EV 88.1 MPH)
Batting: RHB Adrien Jimenez 0-0: Ball
1-0: Swinging Strike
1-1: Fly out, F7 (Flyball, 7S, EV 88.1 MPH)
Batting: RHB Donovan Butler 0-0: Foul Ball, location: 2F
0-1: Called Strike
0-2: Ball
1-2: Foul Ball, location: 2F
1-2: Strikes out looking
Top of the 3rd over - 0 runs, 0 hits, 0 errors, 0 left on base; Windy City 0 - Montreal 0
BOTTOM OF THE 3RD
Montreal Exports batting - Pitching for Windy City Blues : RHP Ennis Giugharo
Batting: RHB Asher Miles 0-0: Swinging Strike
0-1: Ball
1-1: Ball
2-1: Called Strike
2-2: Ball
3-2: Fly out, F9 (Flyball, 9D, EV 76.9 MPH)
Batting: RHB Landon Zitter 0-0: Swinging Strike
0-1: Foul Ball, location: 2F
0-2: Ball
1-2: Ball
2-2: Fly out, F7 (Flyball, 7S, EV 74.4 MPH)
Batting: LHB Josh Plautz 0-0: Ball
1-0: Ball
2-0: Called Strike
2-1: Swinging Strike
2-2: Foul Ball, location: 2F
2-2: Ground out 4-3 (Groundball, 4D, EV 101.9 MPH)
Bottom of the 3rd over - 0 runs, 0 hits, 0 errors, 0 left on base; Windy City 0 - Montreal 0
TOP OF THE 4TH
Windy City Blues batting - Pitching for Montreal Exports : RHP Douglas Okeyo
Batting: RHB Deontae Howard 0-0: Foul Ball, location: 2F
0-1: Ball
1-1: Ball
2-1: Called Strike
2-2: Foul Ball, location: 2F
2-2: Foul Ball, location: 2F
2-2: Foul Ball, location: 2F
2-2: Ball
3-2: DOUBLE (Flyball, 78XD, EV 108.8 MPH)
Batting: SHB J.J. Evans 0-0: Called Strike
0-1: Ball
1-1: Foul Ball, location: 2F
1-2: Ball
2-2: Foul Ball, location: 2F
2-2: DOUBLE (Flyball, 8RD, EV 82.5 MPH)
Deontae Howard scores
Batting: LHB Tommy Tuten 0-0: Called Strike
0-1: Swinging Strike
0-2: Ball
1-2: Strikes out swinging
Batting: LHB Idris Wnuk 0-0: Ball
1-0: Called Strike
1-1: Swinging Strike
1-2: SINGLE (Popup, 6MD, EV 53.8 MPH)
J.J. Evans to third
Batting: LHB Jedediah Hernandez 0-0: Called Strike
0-1: Foul Ball, location: 2F
0-2: Ball
1-2: Ball
2-2: SINGLE (Groundball, 4MD, EV 97.5 MPH)
J.J. Evans scores
Idris Wnuk to second
Runner from 2nd tries for 3rd, SAFE, throw by CF made to third
Batting: RHB Corbin Herron 0-0: Ball
1-0: Fly out, F9 (Line Drive, 9, EV 99.4 MPH)
Runner from 3rd tags up, SCORES, throw by RF
Batting: RHB J.R. Ketterman 0-0: Called Strike
0-1: Ball
1-1: Foul Ball, location: 2F
1-2: Ball
Jedediah Hernandez steals 2nd base
2-2: Foul Ball, location: 2F
2-2: Strikes out swinging
Top of the 4th over - 3 runs, 4 hits, 0 errors, 1 left on base; Windy City 3 - Montreal 0
BOTTOM OF THE 4TH
Montreal Exports batting - Pitching for Windy City Blues : RHP Ennis Giugharo
Batting: RHB Henry Miller 0-0: Ball
1-0: SINGLE (Groundball, 56D, EV 106.2 MPH)
Batting: RHB Kyle Levin 0-0: Ball
1-0: DOUBLE (Flyball, 8RXD, EV 96.9 MPH)
Henry Miller to third
Batting: LHB Jayden Marotta 0-0: Ball
1-0: Ball
2-0: Called Strike
2-1: Ground out U3 (Groundball, 34, EV 103.1 MPH)
Henry Miller scores
Kyle Levin to third
Batting: RHB Zechariah Norkus 0-0: Swinging Strike
0-1: Swinging Strike
0-2: Strikes out swinging
Batting: RHB Max Johnson 0-0: Ball
1-0: Called Strike
1-1: Ball
2-1: Ground out 5-3 (Groundball, 5L, EV 81.9 MPH)
Bottom of the 4th over - 1 run, 2 hits, 0 errors, 1 left on base; Windy City 3 - Montreal 1
TOP OF THE 5TH
Windy City Blues batting - Pitching for Montreal Exports : RHP Douglas Okeyo
Batting: RHB Adrien Jimenez 0-0: Ball
1-0: Ball
2-0: Ground out 4-3 (Groundball, P, EV 87.5 MPH)
Batting: RHB Donovan Butler 0-0: Ball
1-0: Ball
2-0: Ball
3-0: Called Strike
3-1: Ground out 5-3 (Groundball, 56, EV 91.9 MPH)
Batting: RHB Deontae Howard 0-0: Ball
1-0: Foul Ball, location: 2F
1-1: Called Strike
1-2: Foul Ball, location: 2F
1-2: Foul Ball, location: 2F
1-2: Foul Ball, location: 2F
1-2: Ball
2-2: SINGLE (Groundball, 4M, EV 105.0 MPH) (infield hit)
Batting: SHB J.J. Evans 0-0: Foul Ball, location: 2F
0-1: Ball
1-1: Ball
2-1: Foul Ball, location: 2F
2-2: Ball
3-2: Strikes out swinging
Top of the 5th over - 0 runs, 1 hit, 0 errors, 1 left on base; Windy City 3 - Montreal 1
BOTTOM OF THE 5TH
Montreal Exports batting - Pitching for Windy City Blues : RHP Ennis Giugharo
Batting: RHB Al Bush 0-0: Ball
1-0: Ball
2-0: Foul Ball, location: 2F
2-1: Foul Ball, location: 2F
2-2: Ball
3-2: Foul Ball, location: 2F
3-2: Foul Ball, location: 2F
3-2: SINGLE (Line Drive, 56D, EV 106.2 MPH)
Batting: RHB Asher Miles 0-0: Sac Bunt to 2L - play at first, batter OUT! 2-3
Al Bush to second
Batting: RHB Landon Zitter 0-0: Swinging Strike
0-1: Ground out 6-3 (Groundball, 56, EV 93.1 MPH)
Batting: LHB Josh Plautz 0-0: Called Strike
0-1: Fly out, F7 (Flyball, 78M, EV 82.5 MPH)
Bottom of the 5th over - 0 runs, 1 hit, 0 errors, 1 left on base; Windy City 3 - Montreal 1
TOP OF THE 6TH
Windy City Blues batting - Pitching for Montreal Exports : RHP Douglas Okeyo
Batting: LHB Tommy Tuten 0-0: Swinging Strike
0-1: Foul Ball, location: 2F
0-2: Foul Ball, location: 2F
0-2: Strikes out looking
Batting: LHB Idris Wnuk 0-0: Swinging Strike
0-1: Ball
1-1: Ball
2-1: SINGLE (Groundball, 4D, EV 96.9 MPH)
Batting: LHB Jedediah Hernandez 0-0: Ball
1-0: Ball
2-0: Fly out, F7 (Flyball, 7LSF, EV 96.2 MPH)
Batting: RHB Corbin Herron 0-0: Called Strike
0-1: Ground out 4-3 (Groundball, 4, EV 86.2 MPH)
Top of the 6th over - 0 runs, 1 hit, 0 errors, 1 left on base; Windy City 3 - Montreal 1
BOTTOM OF THE 6TH
Montreal Exports batting - Pitching for Windy City Blues : RHP Ennis Giugharo
Batting: RHB Henry Miller 0-0: Ball
1-0: Foul Ball, location: 2F
1-1: Swinging Strike
1-2: SINGLE (Groundball, 6MD, EV 109.4 MPH)
Batting: RHB Kyle Levin 0-0: Called Strike
0-1: Ball
1-1: Foul Ball, location: 2F
1-2: Ball
Pickoff Throw to First - Out! 1-3 CS
2-2: Foul Ball, location: 2F
2-2: Strikes out swinging
Batting: LHB Jayden Marotta 0-0: Ball
1-0: Swinging Strike
1-1: Ball
2-1: Fly out, F4 (Flyball, 34D, EV 93.8 MPH)
Bottom of the 6th over - 0 runs, 1 hit, 0 errors, 0 left on base; Windy City 3 - Montreal 1
TOP OF THE 7TH
Windy City Blues batting - Pitching for Montreal Exports : RHP Douglas Okeyo
Pitching: RHP L.J. Reed
Batting: RHB J.R. Ketterman 0-0: Ball
1-0: Ball
2-0: Ball
3-0: Base on Balls
Batting: RHB Adrien Jimenez 0-0: Called Strike
0-1: Ball
1-1: Swinging Strike
1-2: Fly out, F3 (Popup, 3SF, EV 86.9 MPH)
Batting: RHB Donovan Butler 0-0: Called Strike
0-1: Fly out, F5 (Popup, 5, EV 63.8 MPH)
Batting: RHB Deontae Howard 0-0: Ball
1-0: Ball
2-0: Ball
3-0: Called Strike
3-1: SINGLE (Groundball, 4MS, EV 63.8 MPH) (infield hit)
J.R. Ketterman to second
Batting: SHB J.J. Evans 0-0: Ball
1-0: Swinging Strike
1-1: Foul Ball, location: 2F
1-2: Ball
2-2: Foul Ball, location: 2F
2-2: Ball
3-2: Fly out, F4 (Popup, 4D, EV 51.9 MPH)
Top of the 7th over - 0 runs, 1 hit, 0 errors, 2 left on base; Windy City 3 - Montreal 1
BOTTOM OF THE 7TH
Montreal Exports batting - Pitching for Windy City Blues : RHP Ennis Giugharo
Pitching: RHP R.V. Weatherby
Batting: RHB Zechariah Norkus 0-0: Ball
1-0: Ball
2-0: Ground out U3 (Groundball, 3, EV 84.4 MPH)
Batting: RHB Max Johnson 0-0: Called Strike
0-1: Ball
1-1: Foul Ball, location: 2F
1-2: TRIPLE (Flyball, 89XD, EV 112.5 MPH)
Batting: RHB Al Bush 0-0: Called Strike
0-1: Ball
1-1: Ball
2-1: Ball
3-1: Foul Ball, location: 2F
3-2: Base on Balls
Batting: RHB Asher Miles 0-0: Ball
1-0: Foul Ball, location: 2F
1-1: Ball
2-1: Called Strike
2-2: Ball
3-2: 3-RUN HOME RUN (Flyball, 7D, EV 95.6 MPH), Distance : 359 ft
Batting: RHB Landon Zitter 0-0: Ball
1-0: Foul Ball, location: 2F
1-1: Ball
2-1: Foul Ball, location: 2F
2-2: Strikes out swinging
Batting: LHB Josh Plautz 0-0: Foul Ball, location: 2F
0-1: Foul Ball, location: 2F
0-2: Ball
1-2: Strikes out swinging
Bottom of the 7th over - 3 runs, 2 hits, 0 errors, 0 left on base; Windy City 3 - Montreal 4
TOP OF THE 8TH
Windy City Blues batting - Pitching for Montreal Exports : RHP L.J. Reed
Batting: LHB Tommy Tuten 0-0: Fly out, F9 (Flyball, 89M, EV 88.8 MPH)
Batting: LHB Idris Wnuk 0-0: Ball
1-0: Called Strike
1-1: Ground out 6-3 (Groundball, 56, EV 86.9 MPH)
Batting: LHB Jedediah Hernandez 0-0: Called Strike
0-1: Ball
1-1: Ball
2-1: Ball
3-1: Called Strike
3-2: Strikes out swinging
Top of the 8th over - 0 runs, 0 hits, 0 errors, 0 left on base; Windy City 3 - Montreal 4
BOTTOM OF THE 8TH
Montreal Exports batting - Pitching for Windy City Blues : RHP R.V. Weatherby
Batting: RHB Henry Miller 0-0: Ball
1-0: Ground out 6-3 (Groundball, 6M, EV 98.1 MPH)
Batting: RHB Kyle Levin 0-0: Ball
1-0: Called Strike
1-1: Foul Ball, location: 2F
1-2: Foul Ball, location: 2F
1-2: Ball
2-2: Ball
3-2: Foul Ball, location: 2F
3-2: Foul Ball, location: 2F
3-2: Foul Ball, location: 2F
3-2: Ground out 4-3 (Groundball, 4, EV 96.2 MPH)
Batting: LHB Jayden Marotta 0-0: Ball
1-0: Swinging Strike
1-1: Ball
2-1: Ball
3-1: Base on Balls
Pitching: LHP Jordan Allen
Batting: RHB Zechariah Norkus 0-0: Foul Ball, location: 2F
0-1: Swinging Strike
0-2: Foul Ball, location: 2F
0-2: Ball
1-2: Fly out, F7 (Flyball, 78S, EV 83.8 MPH)
Bottom of the 8th over - 0 runs, 0 hits, 0 errors, 1 left on base; Windy City 3 - Montreal 4
TOP OF THE 9TH
Windy City Blues batting - Pitching for Montreal Exports : RHP L.J. Reed
Pitching: RHP Riley Cole
Batting: RHB Corbin Herron 0-0: Ball
1-0: Foul Ball, location: 2F
1-1: Swinging Strike
1-2: Strikes out swinging
Batting: RHB J.R. Ketterman 0-0: Called Strike
0-1: Ball
1-1: Ball
2-1: Foul Ball, location: 2F
2-2: Strikes out swinging
Batting: RHB Adrien Jimenez 0-0: Ground out 6-3 (Groundball, 56S, EV 87.5 MPH)
Top of the 9th over - 0 runs, 0 hits, 0 errors, 0 left on base; Windy City 3 - Montreal 4
Saturday, April 27th , 2024 - OOTP Baseball 23.10 Build 110